 Dungeon Sprint DCSS version 0.26-a0-651-gb41185065b (webtiles) character file.

Game seed: 9265067118901614582

1796 sahdkjhfkaj the Imperceptible (level 8, -11/55 HPs)
             Began as a Vampire Brigand on Sept 29, 2020.
             Was a Believer of Uskayaw.
             Mangled by a cane toad (23 damage)
             ... in the Dungeon (Sprint IX: "|||||||||||||||||||||||||||||").
             The game lasted 00:02:09 (553 turns).

sahdkjhfkaj the Imperceptible (Vampire Brigand)      Turns: 553, Time: 00:02:10

Health: -11/55     AC:  5    Str: 10    XL:     8   Next: 83%
Magic:  5/8        EV: 14    Int: 13    God:    Uskayaw [**....]
Gold:   18         SH:  0    Dex: 21    Spells: 7/7 levels left

rFire    . . .     SeeInvis +   a - +2 dagger
rCold    . . .     Faith    .   (no shield)
rNeg     . . .     Spirit   .   b - +0 robe
rPois    .         Reflect  .   p - +0 helmet
rElec    .         Harm     .   c - +0 cloak
rCorr    .         Rampage  .   o - +0 pair of gloves
MR       .....     NoTele   +   (no boots)
Stlth    +++++++++.             (no amulet)
HPRegen  0.38/turn              r - +3 ring of dexterity
MPRegen  0.11/turn              q - +2 ring of evasion

@: lethally poisoned (-11 -> -34), regenerating quickly
A: fangs 3, see invisible, unbreathing
a: Exsanguinate, Stomp, Line Pass, Renounce Religion


You were in the Dungeon.
You worshipped Uskayaw.
Uskayaw was noncommittal.
You visited 1 branch You collected 18 gold pieces.

Inventory:

Hand Weapons
 a - a +2 dagger (weapon)
Missiles
 d - a poisoned dart (quivered)
Armour
 b - a +0 robe (worn)
 c - a +0 cloak (worn)
 o - a +0 pair of gloves (worn)
 p - a +0 helmet (worn)
Jewellery
 q - a +2 ring of evasion (right hand)
 r - a +3 ring of dexterity (left hand)
Wands
 n - a wand of iceblast (7)
Scrolls
 k - 2 scrolls of blinking
 l - 3 scrolls of remove curse
 m - 2 scrolls of amnesia
 u - 2 scrolls of enchant weapon
 v - 2 scrolls of enchant armour
 w - a scroll of fog
 x - a scroll of identify
 y - a scroll of fear
Potions
 f - 2 potions of stabbing
 h - 3 potions of haste
 i - 4 potions of magic
 j - 4 potions of curing
 s - a potion of mutation
 t - 2 potions of brilliance


   Skills:
 - Level 1.7 Fighting
 - Level 2.1 Short Blades
 - Level 1.5 Throwing
 - Level 1.1 Dodging
 + Level 26.2 Stealth


You had 7 spell levels left.
You didn't know any spells.
Your spell library was empty.

Dungeon Overview and Level Annotations

Branches:
Dungeon (1/1)

Altars:
Cheibriados
Dithmenos
Elyvilon
Fedhas
Gozag
Hepliaklqana
Kikubaaqudgha
Makhleb
Nemelex Xobeh
Okawaru
Qazlal
Ru
Sif Muna
Trog
Uskayaw
Vehumet
Wu Jian
Xom
Yredelemnul
Zin
The Shining One
Beogh
Jiyva
Lugonu


Innate Abilities, Weirdness & Mutations

Your natural rate of healing is unusually fast.
You have razor-sharp teeth.
You have supernaturally acute eyesight. (SInv)
You can survive without breathing.


Message History

The iceblast engulfs the hippogriff!
The hippogriff is heavily wounded.
The iceblast engulfs you!
You feel very sick. The cane toad closely misses you.
The cane toad stings you but does no damage.
You can now pass through a line of other dancers.
Evoke which item? (* to show all) (? for menu, Esc to quit)
Aiming: Iceblast
Press: ? - help, Shift-Dir - straight line, f/p - cane toad
Aim: a cane toad (heavily wounded) That beam is likely to hit you.
Continue anyway?
The mass of ice explodes!
The iceblast engulfs the cane toad!
The cane toad is severely wounded.
The iceblast engulfs the hippogriff!
The hippogriff is almost dead.
The iceblast engulfs you!
* * * LOW HITPOINT WARNING * * *
x2 You feel sick.
The cane toad stings you!!
You die...

▓l▓.▓.▓
▓'▓.▓.▓
▓(▓.▓.▓
▓.▓.▓.▓
▓.▓l▓)▓
▓.▓S▓.▓
▓.▓H▓.▓
▓.▓F▓.▓
▓|▓@▓.▓
▓.▓.▓.▓
▓.▓.▓'▓
▓(▓.▓_▓
▓.▓.▓_▓
▓.▓.▓_▓
▓.▓.▓_▓
▓'▓.▓_▓
▓(▓.▓_▓


You could see a hippogriff, a cane toad, a basilisk and a water moccasin.

Vanquished Creatures
  An unseen horror (D)
  2 kobold demonologists (D)
  A komodo dragon (D)
  A sky beast (D)
  An ogre (D)
  A necrophage (D)
  A bullfrog (D)
  2 killer bees (D)
  2 jellies (D)
  A dart slug (D)
  2 orcs (D)
  A goblin (D)
  A hobgoblin (D)
  A quokka (D)
  A ball python (D)
  2 bats (D)
  A leopard gecko skeleton (D)
  A quokka zombie (D)
23 creatures vanquished.

Notes
Turn   | Place    | Note
-------+----------+-------------------------------------------
     0 | D        | sahdkjhfkaj the Vampire Brigand began the quest for the
                  | Orb.
     0 | D        | Reached XP level 1. HP: 16/16 MP: 1/1
     7 | D        | Reached skill level 6 in Stealth
     8 | D        | Reached skill level 7 in Stealth
    15 | D        | Reached skill level 8 in Stealth
    20 | D        | Noticed a jelly
    22 | D        | Reached XP level 2. HP: 22/22 MP: 2/2
    34 | D        | Reached skill level 9 in Stealth
    54 | D        | Reached skill level 11 in Stealth
    54 | D        | Reached XP level 3. HP: 27/27 MP: 3/3
   113 | D        | Found a roughly hewn altar of Beogh.
   113 | D        | Found a snail-covered altar of Cheibriados.
   113 | D        | Found a shadowy altar of Dithmenos.
   113 | D        | Found a white marble altar of Elyvilon.
   113 | D        | Found a blossoming altar of Fedhas.
   113 | D        | Found an opulent altar of Gozag.
   114 | D        | Found a hazy altar of Hepliaklqana.
   115 | D        | Found a viscous altar of Jiyva.
   116 | D        | Found an ancient bone altar of Kikubaaqudgha.
   117 | D        | Found a corrupted altar of Lugonu.
   118 | D        | Found a burning altar of Makhleb.
   119 | D        | Found a sparkling altar of Nemelex Xobeh.
   120 | D        | Found an iron altar of Okawaru.
   121 | D        | Found a stormy altar of Qazlal.
   122 | D        | Found a sacrificial altar of Ru.
   123 | D        | Found a shimmering blue altar of Sif Muna.
   124 | D        | Found a bloodstained altar of Trog.
   125 | D        | Found a hide-covered altar of Uskayaw.
   126 | D        | Found a radiant altar of Vehumet.
   127 | D        | Found an ornate altar of the Wu Jian Council.
   128 | D        | Found a shimmering altar of Xom.
   129 | D        | Found a basalt altar of Yredelemnul.
   130 | D        | Found a glowing silver altar of Zin.
   131 | D        | Found a glowing golden altar of the Shining One.
   139 | D        | Became a worshipper of Uskayaw the Reveler
   174 | D        | Noticed a bullfrog
   174 | D        | Noticed an ogre
   174 | D        | Noticed a killer bee
   174 | D        | Noticed an unseen horror
   174 | D        | Noticed a killer bee
   174 | D        | Noticed a sky beast
   180 | D        | Reached * piety under Uskayaw
   186 | D        | Killed a bullfrog
   186 | D        | Reached skill level 14 in Stealth
   186 | D        | Reached XP level 4. HP: 29/33 MP: 4/4
   186 | D        | Reached ** piety under Uskayaw
   188 | D        | Killed an ogre
   188 | D        | Reached skill level 16 in Stealth
   188 | D        | Reached XP level 5. HP: 34/38 MP: 5/5
   189 | D        | Reached skill level 17 in Stealth
   189 | D        | Reached *** piety under Uskayaw
   190 | D        | Killed an unseen horror
   190 | D        | Reached skill level 22 in Stealth
   190 | D        | Reached XP level 6. HP: 41/44 MP: 6/6
   190 | D        | Reached XP level 7. HP: 45/49 MP: 7/7
   190 | D        | Reached **** piety under Uskayaw
   195 | D        | Reached ***** piety under Uskayaw
   199 | D        | Reached skill level 23 in Stealth
   207 | D        | Noticed a kobold demonologist
   207 | D        | Noticed a kobold demonologist
   213 | D        | Killed a kobold demonologist
   213 | D        | Reached skill level 24 in Stealth
   213 | D        | Reached XP level 8. HP: 55/55 MP: 8/8
   217 | D        | Killed a kobold demonologist
   217 | D        | Reached skill level 25 in Stealth
   499 | D        | Noticed a komodo dragon
   499 | D        | Noticed a cane toad
   499 | D        | Noticed a hippogriff
   499 | D        | Noticed a black mamba
   534 | D        | Killed a komodo dragon
   534 | D        | Reached skill level 26 in Stealth
   553 | D        | Mangled by a cane toad

Illustrated notes

Levels and vault maps discovered:
D:        linesprint [early_d, line_temple, items_1, d_10, items_2, lair_1,
          lair_end, items_3, orc_1, orc_end, items_4, d_15, swamp_1, shoals_1,
          snake_1, spider_1, d_20, vaults_1, items_5, swamp_end, shoals_end,
          snake_end, spider_end, vaults_end, d_27, items_6, zot_1, zot_end,
          crypt_end, forest_end, elf_end, slime_end, tomb_end, abyss_end,
          pan_hell_end]

Skill      XL: |  1  2  3  4  5  6  7  8 |
---------------+-------------------------+-----
Stealth        | 8 11 14 16 22 24 26 | 26.2
Fighting       | |  1.7
Short Blades   | |  2.1
Throwing       | |  1.5
Dodging        | |  1.1

Action                   |  1- 3 |  4- 6 |  7- 9 || total
-------------------------+-------+-------+-------++-------
Melee: Dagger            |    41 |     3 |    26 ||    70
       Bite              |     1 |       |     5 ||     6
Throw: Dart              |     2 |       |     9 ||    11
Invok: Stomp             |       |       |     3 ||     3
Evoke: Wand              |       |       |     3 ||     3
  Use: Potion            |     4 |       |     2 ||     6
 Stab: Invisible         |     1 |     1 |     2 ||     4
       Paralysed         |       |     1 |       ||     1
       Sleeping          |       |       |     5 ||     5
Armor: Robe              |     7 |       |     7 ||    14
Dodge: Dodged            |    25 |     2 |    14 ||    41

Table legend: (Time is in decaauts)
 A = Elapsed time spent in this place.
 B = Non-inter-level travel time spent in this place.
 C = Inter-level travel time spent in this place.
 D = Time resting spent in this place.
 E = Time spent auto-exploring this place.
 F = Levels seen in this place.
 G = Mean time per level.
                   A        B        C        D        E       F      G
               +--------+--------+--------+--------+--------+-----+--------+
         Total |    556 |    556 |      0 |    168 |     99 |   1 |  556.0 |
       Dungeon |    556 |    556 |      0 |    168 |     99 |   1 |  556.0 |
               +--------+--------+--------+--------+--------+-----+--------+

Top non-repeatable levels by time:
       D: 556 daAuts
